 Dungeon Crawl Stone Soup version 0.20-a0-1116-gaa52201 (webtiles) character file.

4039 FastMan the Cleaver (level 10, -4/141 HPs)
             Began as a Minotaur Berserker on May 7, 2017.
             Was a High Priest of Trog.
             Splashed by Maurice's acid (11 damage)
             ... on level 8 of the Dungeon.
             The game lasted 00:05:16 (5144 turns).

FastMan the Cleaver (Minotaur Berserker)            Turns: 5144, Time: 00:05:16

Health: -4/141     AC:  8    Str: 38    XL:     10   Next: 4%
Magic:  9/9        EV: 14    Int:  4    God:    Trog [*****.]
Gold:   362        SH:  4    Dex:  5    Spells: 9/9 levels left

rFire    + . .     SeeInvis .   a - +2 war axe (flame)
rCold    . . .     Gourm    .   (no shield)
rNeg     . . .     Faith    .   e - +0 plate armour
rPois    .         Spirit   .   (helmet restricted)
rElec    .         Reflect  +   b - +2 cloak
rCorr    .         Harm     .   o - +0 pair of gloves
MR       +++..                  w - +0 pair of boots of Muupeuss {rF+ MR+ Str+7 Dex-4}
Stlth    ..........             n - +4 amulet of reflection
Regen    1.4/turn               m - +6 ring of evasion
MPRegen  0.2/turn               (no ring)

@: berserking, lethally poisoned (-4 -> -4), corroded, regenerating, very quick
A: retaliatory headbutt, horns 2
a: Berserk, Trog's Hand, Brothers in Arms, Burn Spellbooks, Renounce Religion


You were on level 8 of the Dungeon.
You worshipped Trog.
Trog was extremely pleased with you.
You were hungry.

You visited 1 branch of the dungeon, and saw 8 of its levels.

You collected 362 gold pieces.

Inventory:

Hand Weapons
 a - a +2 war axe of flaming (weapon)
 u - a +0 hand axe
Armour
 b - a +2 cloak (worn)
 e - a +0 plate armour (worn)
 o - a +0 pair of gloves (worn)
 w - the +0 pair of boots of Muupeuss (worn) {rF+ MR+ Str+7 Dex-4}
   (You found it on level 7 of the Dungeon)

   It affects your strength (+7).
   It affects your dexterity (-4).
   It protects you from fire.
   It affects your resistance to hostile enchantments.
Jewellery
 m - a +6 ring of evasion (left hand)
 n - a +4 amulet of reflection (around neck)
Scrolls
 i - a scroll of immolation {unknown}
 j - a scroll of remove curse {@r2}
 l - a scroll of fear
 q - a scroll of enchant armour {unknown}
 r - 2 scrolls of blinking {@r4}
 v - a scroll of recharging {unknown}
 A - a scroll of teleportation {@r3}
Potions
 d - 2 potions of ambrosia
 g - a potion of might {@q4}
 h - 2 potions of lignification
 t - 2 potions of mutation
 z - a potion of heal wounds {@q2}
 B - 2 potions of curing {@q1}
Comestibles
 c - 2 bread rations {@e1}
 f - 5 royal jellies {@e3}
 p - 4 fruits {@e4}
 s - 3 meat rations {@e2}


   Skills:
 + Level 10.5 Fighting
 * Level 14.0 Axes
 - Level 2.4 Armour
 - Level 2.1 Dodging


You had 9 spell levels left.
You didn't know any spells.

Dungeon Overview and Level Annotations

Branches:
Dungeon (8/15)             Temple (0/1) D:5
   Lair: D:8-11

Altars:
Makhleb
Ru

Annotations:
D:8 Maurice


Innate Abilities, Weirdness & Mutations

You reflexively headbutt those who attack you in melee.
You have a pair of horns on your head.


Message History

Maurice zaps a wand.
The bolt of acid hits something.
Reactivating autopickup.
Your Axes skill increases to level 14!
You have reached level 10!
You feel a bit more experienced. The bolt of acid hits you!
* * * LOW HITPOINT WARNING * * *
The acid corrodes you!
You are splashed with acid!
The acid burns!
* * * LOW HITPOINT WARNING * * *
Unknown command.
You feel a strong urge to attack something.
You feel sick.
Maurice zaps a wand.
The bolt of acid misses you.
Things that are here:
a scimitar of flaming; a robe Your plate armour prevents you from hitting Maurice.
You slash Maurice! You burn Maurice.
Maurice is lightly wounded.
You feel sick.
Maurice zaps a wand.
The bolt of acid hits you!
* * * LOW HITPOINT WARNING * * *
You are splashed with acid!
The acid burns!
You die...

.## ..# #.... ..# #....
..# #.... ..# #..# ####
..# ##.
##..###..##).###..
.....
#.........@@......
.....
#.........†(......
.....
+................< #...
#.....)...........
#...##..............$..
#....†.................
#........##+####.......
#....(...## #####..
#.........#


You could see Maurice.

Vanquished Creatures
  Joseph (D:7)
  The ghost of SeanCanFly the Chopper, an amateur HOMo (D:4)
  A wyvern (D:8)
  Menkaure (D:5)
  A soldier ant (D:6)
  A water moccasin (D:8)
  Duvessa (D:6)
  An ice beast (D:5)
  2 phantoms
  An orc warrior (D:6)
  A sky beast (D:6)
  5 ogres
  5 bullfrogs
  Dowan (D:6)
  5 wights (D:6)
  A centaur zombie (D:6)
  2 crimson imps
  6 hounds
  A bullfrog zombie (D:5)
  2 bullfrog skeletons (D:6)
  A centaur skeleton (D:5)
  An orc priest (D:6)
  5 orc wizards
  3 iguanas
  Ijyb (D:3)
  Natasha (D:2)
  9 worker ants
  2 hound skeletons
  Robin (D:2)
  6 gnolls
  13 adders
  2 shadow imps
  An ooze (D:2)
  2 adder skeletons (D:6)
  3 worms
  A dart slug (D:2)
  5 leopard geckos
  9 orcs
  6 giant cockroaches
  8 hobgoblins
  20 jackals
  7 kobolds
  3 quokkas
  3 ball pythons
  A ball python skeleton (D:4)
  5 bats
  5 frilled lizards
  11 goblins
  A jackal skeleton (D:5)
  A quokka skeleton (D:4)
  A quokka zombie (D:6)
  3 rats (D:1)
181 creatures vanquished.

Vanquished Creatures (others)
  Erica (D:8)
1 creature vanquished.

Grand Total: 182 creatures vanquished

Notes
Turn   | Place    | Note
-------+----------+-------------------------------------------
     0 | D:1      | FastMan the Minotaur Berserker began the quest for the Orb.
     0 | D:1      | Reached XP level 1. HP: 19/19 MP: 0/0
   191 | D:1      | Reached XP level 2. HP: 22/27 MP: 1/1
   205 | D:1      | Reached skill level 4 in Axes
   398 | D:1      | Reached ** piety under Trog
   610 | D:2      | Reached XP level 3. HP: 28/33 MP: 2/2
   803 | D:2      | Reached skill level 5 in Axes
   859 | D:2      | Found a faded altar of an unknown god.
   861 | D:2      | Noticed Robin
   889 | D:2      | Killed Robin
   889 | D:2      | Reached XP level 4. HP: 41/41 MP: 3/3
   954 | D:2      | Noticed Natasha
   968 | D:2      | Killed Natasha
  1192 | D:3      | Noticed Ijyb
  1199 | D:3      | Killed Ijyb
  1199 | D:3      | Reached skill level 5 in Fighting
  1257 | D:3      | Reached XP level 5. HP: 41/48 MP: 4/4
  1425 | D:4      | Reached skill level 6 in Axes
  1460 | D:4      | Noticed SeanCanFly's ghost (amateur HOMo)
  1486 | D:4      | Killed SeanCanFly's ghost
  1486 | D:4      | Reached skill level 7 in Axes
  1486 | D:4      | Reached XP level 6. HP: 14/57 MP: 5/5
  1785 | D:4      | Reached *** piety under Trog
  2281 | D:4      | Reached skill level 8 in Axes
  2281 | D:4      | Reached XP level 7. HP: 53/64 MP: 6/6
  2536 | D:4      | You fall through a shaft!
  2536 | D:5      | Entered Level 5 of the Dungeon
  2539 | D:5      | Noticed Menkaure
  2546 | D:5      | Killed Menkaure
  2741 | D:5      | Reached skill level 9 in Axes
  2772 | D:5      | Found a staircase to the Ecumenical Temple.
  2796 | D:5      | Reached XP level 8. HP: 62/73 MP: 7/7
  2840 | D:5      | Found a burning altar of Makhleb.
  2892 | D:5      | Reached skill level 10 in Axes
  3439 | D:6      | Reached **** piety under Trog
  3490 | D:6      | Found a sacrificial altar of Ru.
  3490 | D:6      | Noticed Duvessa
  3490 | D:6      | Noticed Dowan
  3494 | D:6      | Killed Duvessa
  3494 | D:6      | Reached skill level 11 in Axes
  3496 | D:6      | Killed Dowan
  3527 | D:6      | Found a sand-covered staircase.
  3798 | D:6      | Received a gift from Trog
  3856 | D:6      | Reached XP level 9. HP: 69/82 MP: 8/8
  3882 | D:6      | Reached skill level 12 in Axes
  3904 | D:6      | Got a pair of translucent boots
  3980 | D:6      | Identified the cursed +0 pair of boots of the Many Beds {rF+ Dex+3} (You found it on level 6 of the Dungeon)
  4684 | D:7      | Noticed Joseph
  4696 | D:7      | Killed Joseph
  4696 | D:7      | Reached skill level 13 in Axes
  4712 | D:7      | Reached skill level 10 in Fighting
  4864 | D:7      | Got a pair of heavily runed boots
  4865 | D:7      | Identified the +0 pair of boots of Muupeuss {rF+ MR+ Str+7 Dex-4} (You found it on level 7 of the Dungeon)
  4951 | D:7      | Reached ***** piety under Trog
  5132 | D:8      | Noticed Maurice
  5133 | D:8      | Noticed Erica
  5141 | D:8      | Killed Erica
  5141 | D:8      | Reached skill level 14 in Axes
  5141 | D:8      | Reached XP level 10. HP: 40/94 MP: 9/9
  5144 | D:8      | HP: 7/141 [Maurice/wand of acid (?/15) (11)]
  5144 | D:8      | Splashed by Maurice's acid

Vault maps used:
D:1:      dpeg_arrival_rooms_with_view
D:2:      chequers_ecumenical_altar_island, kennysheep_generic_room_12,
          uniq_natasha, uniq_robin
D:3:      uniq_ijyb
D:4:      first_bread, guppyfry_early_lair_pool
D:5:      minmay_temple_entry_statues_fountains, minivault_27,
          makhleb_heckhound_becter, uniq_menkaure
D:6:      kennysheep_windowed_halls, nicolae_ru_great_annihilating_truth,
          enter_ossuary_2, portal_sewer_entry_d, uniq_duvessa
D:7:      uniq_joseph
D:8:      special_room, uniq_maurice, uniq_erica, uniq_grum

Skill      XL: |  1  2  3  4  5  6  7  8  9 |
---------------+----------------------------+-----
Fighting       | 4 5 6 7 8 10 | 10.5
Axes           | 4 5 7 8 9 11 14 | 14.0
Armour         | |  2.4
Dodging        | |  2.1

Action                   |  1- 3 |  4- 6 |  7- 9 | 10-12 || total
-------------------------+-------+-------+-------+-------++-------
Melee: Hand axe          |    91 |    19 |       |       ||   110
       Headbutt          |    14 |    13 |    36 |       ||    63
       War axe           |       |    57 |   192 |     2 ||   251
Invok: Berserk           |     2 |     4 |     7 |       ||    13
       Trog's Hand       |       |     1 |     2 |       ||     3
       Burn Spellbooks   |       |       |     1 |       ||     1
  Use: Scroll            |       |       |    13 |       ||    13
       Potion            |       |       |     1 |       ||     1
 Stab: Paralysed         |       |       |     1 |       ||     1
  Eat: Chunk             |     1 |     5 |     6 |       ||    12
       Bread ration      |       |     1 |     1 |       ||     2
       Meat ration       |       |       |     1 |       ||     1
Armor: Animal skin       |     9 |       |       |       ||     9
       Ring mail         |    24 |    30 |    30 |       ||    84
       Plate armour      |       |       |    15 |       ||    15
Dodge: Dodged            |    54 |    40 |   107 |     1 ||   202
Block: Other             |       |       |     2 |       ||     2
